 Dungeon Crawl Stone Soup version 0.31-a0-174-g85c54bcb58 (webtiles) character file.

Game seed: 8844326892733224521

65 qw the Chopper (level 4, -5/28 HPs)
             Began as a Gargoyle Fighter on June 15, 2023.
             Killed by divine providence
             ... invoked by an orc priest
              (13 damage)
             ... on level 3 of the Dungeon.
             The game lasted 00:00:41 (2103 turns).

qw the Chopper (Gargoyle Fighter)                   Turns: 2103, Time: 00:00:41

Health: -5/28      AC: 13    Str: 22    XL:     4   Next: 14%
Magic:  4/4        EV:  9    Int:  8    God:
Gold:   92         SH:  4    Dex:  9    Spells: 3/3 levels left

rFire   . . .        Y - +0 war axe
rCold   . . .        c - +0 buckler
rNeg    + . .        b - +0 scale mail
rPois   inf          l - +0 helmet
rElec   +            (no cloak)
rCorr   .            (no gloves)
SInv    .            (no boots)
Will    .....        (no amulet) Stlth
                     g - +2 ring of protection
HPRegen 0.24/turn    (no ring)
MPRegen 0.09/turn

%: no passive effects
@: no status effects
A: sickness immunity, AC +3, negative energy resistance 1, electricity
resistance, torment resistance 1, petrification resistance
a: no special abilities


You were on level 3 of the Dungeon.
You visited 1 branch of the dungeon, and saw 3 of its levels.

You collected 202 gold pieces.
You spent 110 gold pieces at shops.


Innate Abilities, Weirdness & Mutations

You are immune to sickness and miasma.
Your stone body is resilient. (AC +3)
You are immune to poison.
You resist negative energy. (rN+)
You are resistant to electric shocks. (rElec)
You are resistant to unholy torment.
You are immune to petrification.


   Skills:
 - Level 3.2 Fighting
 + Level 3.9 Axes
 - Level 3.2 Armour
 - Level 3.2 Shields


You had 3 spell levels left.
You didn't know any spells.
Your spell library was empty.

Inventory:

Hand Weapons
 j - a +0 flail
 Y - a +0 war axe (weapon)
Missiles
 i - 10 boomerangs (quivered)
Armour
 b - a +0 scale mail (worn)
 c - a +0 buckler (worn)
 l - a +0 helmet (worn)
Jewellery
 g - a +2 ring of protection (left hand)
Scrolls
 n - a scroll of identify
Potions
 d - a potion of might
 e - a potion of enlightenment {unknown}
 f - a potion of curing
 k - a potion of lignification
 m - a potion of degeneration {unknown}

Dungeon Overview and Level Annotations

Branches:
Dungeon (3/15)

Altars:
Trog

Shops:
D:2 =


Message History

You kill the bat!
An orc comes into view. It is wielding a +0 hand axe.
Found 8 gold pieces.
The orc wizard hits you but does no damage.
The orc hits you from afar with a +0 trident.
You closely miss the orc wizard.
The orc wizard hits you but does no damage.
The orc barely misses you.
You barely miss the orc wizard. You hit the orc but do no damage.
The orc hits you but does no damage.
The orc wizard hits you with a +0 dagger.
The orc hits you from afar with a +0 trident.
You closely miss the orc wizard. You slash the orc!
You kill the orc!
The orc hits you but does no damage.
The orc hits you from afar with a +0 trident.
You barely miss the orc wizard. You hit the orc but do no damage.
The orc closely misses you.
The orc hits you from afar with a +0 trident.
You hit the orc wizard.
The orc wizard is moderately wounded.
You closely miss the orc. The orc wizard barely misses you.
The orc hits you with a +0 hand axe. The orc closely misses you. x2
The orc wizard hits you but does no damage.
You hit the orc wizard.
The orc wizard is moderately wounded.
You barely miss the orc. The orc wizard casts a spell at you.
The puff of flame hits you! The orc hits you but does no damage.
The orc closely misses you.
You slash the orc wizard!
The orc wizard is almost dead.
You slash the orc!
You kill the orc!
The orc wizard hits you but does no damage.
The orc barely misses you.
The orc priest invokes the aid of Beogh against you.
Beogh smites you!
You die...

..# #.# #.# #.#
#.# #####+#.#
........########
......o@........
$....o)8..#####
.....o8_8.######.#
.......8..<.......
..........######.#
#######.#.# #.#[#
#.#.# ###.#


You could see an orc priest, an orc wizard and an orc.

Vanquished Creatures
  A gnoll (D:1)
  An adder (D:2)
  2 worms (D:2)
  A dart slug (D:2)
  2 orcs (D:3)
  An endoplasm (D:1)
  2 giant cockroaches (D:1)
  3 goblins
  3 hobgoblins
  4 jackals (D:1)
  3 ball pythons
  6 bats
  A frilled lizard (D:2)
  3 kobolds
  5 rats (D:1)
38 creatures vanquished.

Notes
Turn   | Place    | Note
-------+----------+-------------------------------------------
     0 | D:1      | qw the Gargoyle Fighter began the quest for the Orb.
     0 | D:1      | Reached XP level 1. HP: 14/14 MP: 1/1
     0 | D:1      | 0 ||| qw: Version: 0.2-a-29-g511e9b1
     0 | D:1      | 0 ||| qw: Game counter: 5374
     0 | D:1      | 0 ||| qw: Always use a shield: true
     0 | D:1      | 0 ||| qw: God list: Okawaru
     0 | D:1      | 0 ||| qw: Allow faded altars: false
     0 | D:1      | 0 ||| qw: Do Orc after D:15 true
     0 | D:1      | 0 ||| qw: Do second Lair branch before Depths: true
     0 | D:1      | 0 ||| qw: Lair rune preference: random
     0 | D:1      | 0 ||| qw: Plans: Normal, Zot:1-4, Slime:5, God:TSO, Crypt,
                  | Tomb, Abyss, Pan, Hells, Win
     0 | D:1      | 0 ||| PLANNING D:1-11
   174 | D:1      | 174 ||| DROPPING +0 club.
   300 | D:1      | Reached XP level 2. HP: 18/19 MP: 2/2
   400 | D:1      | 400 ||| Stepping ~*~*~tactically~*~*~ (hiding).
   440 | D:1      | HP: 4/19 [gnoll/+0 flail (8)]
   514 | D:1      | 514 ||| DROPPING +0 whip.
   562 | D:1      | Reached skill level 3 in Axes
   570 | D:1      | Reached XP level 3. HP: 23/23 MP: 3/3
   729 | D:1      | 729 ||| READING scroll labelled CEOKUU FILA.
   730 | D:1      | 730 ||| READING scroll labelled BOALEVV ONUKLO.
   731 | D:1      | 731 ||| READING scroll labelled NOMNOGEESH.
   732 | D:1      | 732 ||| READING scroll labelled EJACLIMOLI.
   754 | D:2      | Found a bloodstained altar of Trog.
  1072 | D:2      | 1072 ||| Stepping ~*~*~tactically~*~*~ (hiding).
  1075 | D:2      | 1075 ||| Stepping ~*~*~tactically~*~*~ (hiding).
  1076 | D:2      | 1076 ||| Stepping ~*~*~tactically~*~*~ (hiding).
  1079 | D:2      | 1079 ||| Stepping ~*~*~tactically~*~*~ (hiding).
  1211 | D:2      | Found Feemokhle's One-of-a-Kind Rings.
  1218 | D:2      | 1218 ||| BUYING +2 ring of protection (110 gold).
  1218 | D:2      | Bought a +2 ring of protection for 110 gold pieces
  1218 | D:2      | 1218 ||| SHOPLISTING +3 ring of strength (110 gold, have
                  | 14).
  1218 | D:2      | 1218 ||| SHOPLISTING +6 ring of protection (858 gold, have
                  | 14).
  1218 | D:2      | 1218 ||| SHOPLISTING +7 ring of evasion (726 gold, have
                  | 14).
  1218 | D:2      | 1218 ||| SHOPLISTING +9 ring of dexterity (858 gold, have
                  | 14).
  1218 | D:2      | 1218 ||| SHOPLISTING ring "Qiuhafui" {rCorr EV+5 SInv} (580
                  | gold, have 14).
  1290 | D:2      | Reached XP level 4. HP: 28/28 MP: 4/4
  1517 | D:2      | 1517 ||| Stepping ~*~*~tactically~*~*~ (hiding).
  2025 | D:2      | 2025 ||| UPGRADING to +0 helmet.
  2030 | D:2      | 2030 ||| UPGRADING to +2 ring of protection.
  2031 | D:2      | 2031 ||| READING scroll labelled BIBOAC ELOKUNT.
  2032 | D:2      | 2032 ||| READING scroll labelled ADDATECEGU.
  2035 | D:2      | 2035 ||| DRINKING 2 red potions.
  2036 | D:2      | 2036 ||| DRINKING 2 metallic pink potions.
  2092 | D:3      | Found a faded altar of an unknown god.
  2103 | D:3      | Killed from afar by an orc priest

Levels and vault maps discovered:
D:1:      onia_arrival_mini_maze, layout_basic
D:2:      layout_basic, basic_altar, nicolae_shop_unique_rings,
          minmay_misc_feat_alley, minmay_door_square
D:3:      layout_basic, marbit_many_paths, chequers_ecumenical_altar_simple,
          serial_shops, shop, minmay_starry_boxes, uniq_crazy_yiuf_cottage

Skill      XL: |  1  2 |
---------------+-------+-----
Axes           | 2 3 |  3.9
Fighting       | |  3.2
Armour         | |  3.2
Shields        | |  3.2

Action                     |  1- 3 |  4- 6 || total
---------------------------+-------+-------++-------
  Melee: War axe           |    83 |    10 ||    93
  Throw: Boomerang         |    30 |     3 ||    33
    Use: Scroll            |     4 |     2 ||     6
         Potion            |       |     2 ||     2
 Armour: Scale mail        |    62 |     8 ||    70
  Dodge: Dodged            |    33 |     8 ||    41
  Block: Buckler           |    20 |     1 ||    21

Table legend:
 A = Non-vault XP
 B = Vault XP
 C = Vault XP percentage of total XP
 D = Non-vault monster count
 E = Vault monster count
 F = Vault count percentage of total count
                 A         B        C        D         E       F
            +---------+---------+-------+---------+---------+-------
      Total |      95 |       2 |   2.1 |      36 |       2 |   5.3
            +---------+---------+-------+---------+---------+-------
        D:1 |      47 |       2 |   4.1 |      20 |       2 |   9.1
        D:2 |      41 |       0 |   0.0 |      13 |       0 |   0.0
        D:3 |       7 |       0 |   0.0 |       3 |       0 |   0.0
            +---------+---------+-------+---------+---------+-------
